General information
- name: BNet
- type: Ladder team game (AT/RT)
- host: Battle.net
- saver: BadLuckJake
map: Mur'gulOasis
- players: 8
- length: 43:14
- speed: Fast
- version: 1.26 W3XP
- replay type: Public
» download(257 KB)
Players
team 1 (loser)
Counting (
orange | 148 APM | 2143 actions | 14:28)
4 Archmage
2 Summon Water Elemental
2 Brilliance Aura
2 Mountain King
1 Storm Bolt
1 Bash
» actions
| Assign group hotkey | 57 | |
| Basic commands | 142 | |
| Build / train | 48 | |
| ESC pressed | 1 | |
| Enter build submenu | 22 | |
| Enter hero's abilities submenu | 6 | |
| Give item / drop item | 1 | |
| Right click | 575 | |
| Select / deselect | 431 | |
| Select group hotkey | 815 | |
| Use ability | 45 | |
2143 total
» units
| Peasant | 9 | |
| Footman | 9 | |
| Priest | 4 | |
| Spell Breaker | 4 | |
| Sorceress | 3 | |
| Rifleman | 3 | |
32 total
» upgrades
| Priest Training | 1 | |
| Long Rifles | 1 | |
| Sorceress Training | 1 | |
3 total
» buildings
| Altar of Kings | 1 | |
| Farm | 11 | |
| Barracks | 1 | |
| Keep | 1 | |
| Scout Tower | 1 | |
| Arcane Vault | 1 | |
| Arcane Tower | 1 | |
| Lumber Mill | 1 | |
| Arcane Sanctum | 2 | |
| Blacksmith | 1 | |
21 total
» build order
00:07 Altar of Kings
00:20 Farm
00:21 Barracks
00:50 Farm
01:31 Farm
02:55 Keep
03:01 Scout Tower
03:13 Arcane Vault
03:26 Farm
04:00 Arcane Tower
04:02 Farm
04:04 Lumber Mill
06:20 Arcane Sanctum
06:33 Arcane Sanctum
06:34 Farm
07:16 Farm
08:09 Farm
08:54 Farm
11:09 Blacksmith
12:18 Farm
12:32 Farm
» items

»
BIueDrag0N (
pink | 45 APM | 657 actions | 14:34)
3 Far Seer
2 Feral Spirit
1 Chain Lighting
» actions
| Assign group hotkey | 18 | |
| Basic commands | 5 | |
| Build / train | 34 | |
| ESC pressed | 3 | |
| Enter build submenu | 23 | |
| Enter hero's abilities submenu | 3 | |
| Right click | 254 | |
| Select / deselect | 141 | |
| Select group hotkey | 123 | |
| Use ability | 53 | |
657 total
» units
| Peon | 8 | |
| Troll Headhunter/Berserker | 12 | |
20 total
» upgrades
| Ranged Weapons | 1 | |
| Armor | 1 | |
| Shaman Training | 1 | |
3 total
» buildings
| Orc Burrow | 5 | |
| Altar of Storms | 1 | |
| War Mill | 1 | |
| Barracks | 2 | |
| Stronghold | 1 | |
| Voodoo Lounge | 1 | |
| Fortress | 1 | |
| Spirit Lodge | 2 | |
| Watch Tower | 10 | |
24 total
» build order
00:34 Orc Burrow
00:37 Altar of Storms
01:20 War Mill
01:27 Barracks
01:41 Barracks
01:58 Orc Burrow
02:28 Orc Burrow
03:23 Orc Burrow
04:33 Orc Burrow
06:12 Stronghold
07:24 Voodoo Lounge
08:53 Fortress
09:15 Spirit Lodge
10:46 Spirit Lodge
13:53 Watch Tower
13:54 Watch Tower
13:54 Watch Tower
13:54 Watch Tower
13:56 Watch Tower
13:56 Watch Tower
13:57 Watch Tower
13:58 Watch Tower
13:58 Watch Tower
13:59 Watch Tower
» items
| Healing Salve | 2 | |
| Lesser Clarity Potion | 2 | |
| Scroll of Speed | 1 | |
5 total
lOlOlOlOlOlOlOl (
teal | 150 APM | 6493 actions | 43:14)
10 Archmage
3 Summon Water Elemental
3 Brilliance Aura
1 Mass Teleport
3 Blizzard
» actions
| Assign group hotkey | 121 | |
| Basic commands | 87 | |
| Build / train | 287 | |
| ESC pressed | 160 | |
| Enter build submenu | 37 | |
| Enter hero's abilities submenu | 10 | |
| Give item / drop item | 19 | |
| Right click | 2098 | |
| Select / deselect | 537 | |
| Select group hotkey | 2658 | |
| Use ability | 479 | |
6493 total
» units
| Peasant | 143 | |
| Footman | 14 | |
| Dragonhawk Rider | 1 | |
| Gryphon Rider | 14 | |
172 total
» upgrades
| Defend | 1 | |
| Masonry | 3 | |
| Swords | 4 | |
| Armor | 3 | |
| Animal War Training | 1 | |
| Cloud | 2 | |
| Storm Hammers | 1 | |
| Backpack | 9 | |
24 total
» buildings
| Altar of Kings | 1 | |
| Barracks | 1 | |
| Farm | 9 | |
| Lumber Mill | 1 | |
| Arcane Vault | 1 | |
| Keep | 4 | |
| Castle | 3 | |
| Gryphon Aviary | 2 | |
| Blacksmith | 1 | |
| Scout Tower | 18 | |
| Guard Tower | 32 | |
73 total
» build order
00:48 Altar of Kings
00:52 Barracks
00:56 Farm
01:04 Farm
01:20 Farm
01:58 Lumber Mill
02:09 Farm
02:32 Arcane Vault
03:44 Keep
03:44 Keep
03:44 Keep
03:49 Farm
06:22 Castle
06:23 Castle
06:23 Castle
06:26 Gryphon Aviary
06:40 Blacksmith
06:54 Scout Tower
06:58 Scout Tower
07:00 Scout Tower
07:50 Guard Tower
07:50 Guard Tower
07:51 Guard Tower
07:51 Guard Tower
07:51 Guard Tower
07:56 Scout Tower
07:58 Scout Tower
08:20 Farm
08:30 Guard Tower
08:30 Guard Tower
08:32 Guard Tower
08:33 Guard Tower
09:11 Farm
11:47 Farm
14:39 Scout Tower
14:40 Scout Tower
14:40 Scout Tower
14:41 Scout Tower
14:42 Scout Tower
15:36 Guard Tower
15:36 Guard Tower
15:37 Guard Tower
15:37 Scout Tower
15:39 Scout Tower
16:16 Scout Tower
16:18 Scout Tower
16:20 Guard Tower
16:21 Guard Tower
16:21 Guard Tower
16:23 Scout Tower
16:24 Scout Tower
16:28 Scout Tower
16:29 Scout Tower
16:44 Gryphon Aviary
16:48 Guard Tower
16:55 Guard Tower
16:55 Guard Tower
16:55 Guard Tower
17:03 Guard Tower
17:03 Guard Tower
17:08 Guard Tower
17:08 Guard Tower
25:20 Farm
» items
| Mechanical Critter | 6 | |
| Scroll of Regeneration | 11 | |
| Lesser Clarity Potion | 1 | |
| Periapt of Vitality | 1 | |
| Staff of Teleportation | 1 | |
| Scroll of Town Portal | 2 | |
| Staff of Sanctuary | 1 | |
23 total
wheels (
green | 47 APM | 698 actions | 14:53)
2 Mountain King
1 Storm Bolt
1 Bash
1 Paladin
1 Devotion Aura
» actions
| Assign group hotkey | 22 | |
| Basic commands | 15 | |
| Build / train | 56 | |
| ESC pressed | 3 | |
| Enter build submenu | 28 | |
| Enter hero's abilities submenu | 3 | |
| Give item / drop item | 1 | |
| Remove unit from queue | 1 | |
| Right click | 269 | |
| Select / deselect | 175 | |
| Select group hotkey | 92 | |
| Use ability | 33 | |
698 total
» units
| Peasant | 7 | |
| Footman | 2 | |
| Rifleman | 11 | |
| Flying Machine | 17 | |
37 total
» upgrades
| Gunpowder | 1 | |
| Long Rifles | 1 | |
| Lumber Harvesting | 1 | |
3 total
» buildings
| Altar of Kings | 1 | |
| Farm | 7 | |
| Barracks | 1 | |
| Blacksmith | 1 | |
| Lumber Mill | 1 | |
| Scout Tower | 6 | |
| Arcane Vault | 1 | |
| Keep | 1 | |
| Arcane Tower | 2 | |
| Guard Tower | 6 | |
| Workshop | 1 | |
| Arcane Sanctum | 2 | |
30 total
» build order
00:11 Altar of Kings
00:22 Farm
00:44 Barracks
01:11 Farm
02:16 Blacksmith
02:26 Lumber Mill
03:23 Scout Tower
03:31 Scout Tower
03:45 Arcane Vault
03:52 Scout Tower
03:57 Scout Tower
04:10 Farm
04:19 Keep
04:33 Arcane Tower
04:42 Arcane Tower
04:43 Guard Tower
05:11 Farm
06:20 Farm
06:40 Guard Tower
08:02 Scout Tower
08:02 Scout Tower
10:48 Workshop
11:09 Arcane Sanctum
11:17 Arcane Sanctum
11:20 Guard Tower
11:31 Guard Tower
11:32 Guard Tower
13:59 Farm
14:01 Farm
» items
team 2 (winner)

»
Comments (
yellow | 55 APM | 2370 actions | 43:14)
5 Tauren Chieftain
2 War Stomp
3 Endurance Aura
4 Pandaren Brewmaster
2 Breath of Fire
2 Drunken Haze
1 Shadow Hunter
1 Hex
» actions
| Assign group hotkey | 70 | |
| Basic commands | 290 | |
| Build / train | 94 | |
| Enter build submenu | 21 | |
| Enter hero's abilities submenu | 10 | |
| Give item / drop item | 3 | |
| Remove unit from queue | 5 | |
| Right click | 1041 | |
| Select / deselect | 617 | |
| Select group hotkey | 54 | |
| Use ability | 162 | |
2370 total
» units
| Peon | 18 | |
| Troll Headhunter/Berserker | 21 | |
| Demolisher | 1 | |
| Troll Witch Doctor | 2 | |
| Troll Batrider | 3 | |
| Grunt | 5 | |
50 total
» upgrades
| Ranged Weapons | 3 | |
| Armor | 2 | |
| Troll Regeneration | 1 | |
| Berserker Upgrade | 1 | |
| Burning Oil | 1 | |
| Witch Doctor Training | 2 | |
| Pillage | 1 | |
| Reinforced Defenses | 1 | |
12 total
» buildings
| Altar of Storms | 1 | |
| Orc Burrow | 8 | |
| War Mill | 1 | |
| Barracks | 2 | |
| Voodoo Lounge | 1 | |
| Stronghold | 2 | |
| Fortress | 2 | |
| Spirit Lodge | 1 | |
| Beastiary | 1 | |
| Great Hall | 2 | |
| Watch Tower | 1 | |
22 total
» build order
00:22 Altar of Storms
00:30 Orc Burrow
00:56 War Mill
01:09 Barracks
01:49 Orc Burrow
02:22 Barracks
02:49 Voodoo Lounge
03:26 Orc Burrow
04:22 Stronghold
05:12 Orc Burrow
07:20 Fortress
07:20 Fortress
09:50 Spirit Lodge
11:39 Orc Burrow
12:48 Orc Burrow
13:23 Orc Burrow
16:19 Beastiary
17:21 Great Hall
18:32 Watch Tower
20:03 Great Hall
21:47 Orc Burrow
» items
| Healing Salve | 2 | |
| Scroll of Speed | 1 | |
| Lesser Clarity Potion | 1 | |
| Scroll of Town Portal | 3 | |
| Scroll of Regeneration | 1 | |
| Orb of Lightning | 1 | |
9 total

»
craycray123 (
blue | 42 APM | 1358 actions | 32:25)
3 Paladin
1 Holy Light
2 Divine Shield
2 Blood Mage
1 Flame Strike
1 Siphon Mana
» actions
| Assign group hotkey | 14 | |
| Basic commands | 119 | |
| Build / train | 91 | |
| Enter build submenu | 47 | |
| Enter hero's abilities submenu | 5 | |
| Give item / drop item | 1 | |
| Remove unit from queue | 1 | |
| Right click | 411 | |
| Select / deselect | 339 | |
| Select group hotkey | 242 | |
| Use ability | 88 | |
1358 total
» units
| Peasant | 25 | |
| Footman | 14 | |
| Rifleman | 11 | |
50 total
» upgrades
| Masonry | 2 | |
| Defend | 1 | |
| Plating | 1 | |
| Swords | 2 | |
| Gunpowder | 2 | |
| Lumber Harvesting | 1 | |
| Long Rifles | 1 | |
10 total
» buildings
| Farm | 12 | |
| Barracks | 1 | |
| Altar of Kings | 1 | |
| Arcane Vault | 1 | |
| Lumber Mill | 1 | |
| Blacksmith | 2 | |
| Scout Tower | 9 | |
| Guard Tower | 6 | |
| Keep | 1 | |
| Town Hall | 1 | |
| Arcane Sanctum | 1 | |
| Castle | 1 | |
37 total
» build order
00:08 Farm
00:24 Barracks
00:34 Altar of Kings
01:36 Arcane Vault
01:38 Farm
02:57 Lumber Mill
03:29 Blacksmith
04:15 Blacksmith
05:06 Farm
05:24 Scout Tower
05:59 Guard Tower
06:04 Scout Tower
06:27 Scout Tower
06:44 Guard Tower
06:48 Scout Tower
07:21 Keep
07:22 Guard Tower
08:52 Guard Tower
08:54 Farm
09:15 Farm
10:07 Scout Tower
10:54 Scout Tower
10:57 Scout Tower
17:29 Farm
17:59 Farm
18:11 Farm
18:35 Town Hall
20:12 Farm
20:15 Farm
20:43 Arcane Sanctum
21:22 Castle
21:28 Farm
22:24 Scout Tower
22:27 Farm
22:54 Guard Tower
22:55 Scout Tower
23:48 Guard Tower
» items
| Scroll of Regeneration | 1 | |
| Lesser Clarity Potion | 2 | |
| Potion of Healing | 3 | |
| Mechanical Critter | 1 | |
| Ivory Tower | 1 | |
| Scroll of Town Portal | 2 | |
10 total
ITOLDUGUYS. (
purple | 43 APM | 1748 actions | 40:46)
5 Blademaster
3 Wind Walk
2 Critical Strike
4 Shadow Hunter
2 Hex
2 Healing Wave
» actions
| Assign group hotkey | 51 | |
| Basic commands | 66 | |
| Build / train | 48 | |
| Enter build submenu | 21 | |
| Enter hero's abilities submenu | 9 | |
| Right click | 649 | |
| Select / deselect | 231 | |
| Select group hotkey | 582 | |
| Use ability | 91 | |
1748 total
» units
» upgrades
| Ranged Weapons | 2 | |
| Armor | 2 | |
| Envenomed Spears | 1 | |
| Reinforced Defenses | 1 | |
6 total
» buildings
| Altar of Storms | 1 | |
| Orc Burrow | 7 | |
| War Mill | 1 | |
| Voodoo Lounge | 1 | |
| Watch Tower | 11 | |
| Stronghold | 2 | |
| Beastiary | 4 | |
| Fortress | 1 | |
| Great Hall | 1 | |
29 total
» build order
00:08 Altar of Storms
00:21 Orc Burrow
00:38 War Mill
01:32 Voodoo Lounge
01:56 Watch Tower
02:08 Watch Tower
02:51 Stronghold
03:14 Watch Tower
03:20 Watch Tower
03:31 Orc Burrow
03:46 Watch Tower
04:54 Orc Burrow
04:59 Orc Burrow
05:26 Beastiary
05:30 Beastiary
07:26 Fortress
09:37 Orc Burrow
12:16 Watch Tower
12:17 Watch Tower
12:17 Watch Tower
13:06 Beastiary
13:48 Watch Tower
13:48 Watch Tower
13:49 Watch Tower
16:04 Great Hall
16:08 Orc Burrow
16:08 Orc Burrow
17:03 Beastiary
» items
| Healing Salve | 1 | |
| Lesser Clarity Potion | 1 | |
| Staff of Teleportation | 2 | |
| Scroll of Regeneration | 1 | |
5 total
BadLuckJake (
red | 43 APM | 1849 actions | 43:14)
6 Archmage
3 Summon Water Elemental
2 Brilliance Aura
1 Mass Teleport
» actions
| Assign group hotkey | 45 | |
| Basic commands | 197 | |
| Build / train | 86 | |
| Enter build submenu | 57 | |
| Enter hero's abilities submenu | 6 | |
| Give item / drop item | 15 | |
| Remove unit from queue | 1 | |
| Right click | 665 | |
| Select / deselect | 409 | |
| Select group hotkey | 253 | |
| Use ability | 115 | |
1849 total
» units
| Peasant | 12 | |
| Footman | 4 | |
| Gryphon Rider | 8 | |
24 total
» upgrades
| Lumber Harvesting | 2 | |
| Masonry | 3 | |
| Swords | 3 | |
| Armor | 3 | |
| Animal War Training | 1 | |
| Storm Hammers | 1 | |
| Cloud | 1 | |
14 total
» buildings
| Altar of Kings | 1 | |
| Barracks | 1 | |
| Farm | 12 | |
| Keep | 1 | |
| Arcane Vault | 3 | |
| Lumber Mill | 3 | |
| Scout Tower | 35 | |
| Castle | 1 | |
| Guard Tower | 14 | |
| Gryphon Aviary | 4 | |
| Blacksmith | 2 | |
| Town Hall | 3 | |
80 total
» build order
00:35 Altar of Kings
00:36 Barracks
00:49 Farm
00:51 Farm
01:06 Farm
01:35 Farm
03:20 Keep
03:36 Arcane Vault
04:16 Lumber Mill
05:26 Scout Tower
05:27 Scout Tower
05:27 Scout Tower
05:28 Scout Tower
06:23 Castle
06:26 Guard Tower
06:56 Gryphon Aviary
06:57 Gryphon Aviary
06:58 Gryphon Aviary
06:59 Gryphon Aviary
07:04 Blacksmith
07:05 Blacksmith
07:29 Farm
07:30 Farm
07:44 Farm
12:38 Town Hall
12:41 Scout Tower
12:41 Scout Tower
12:41 Scout Tower
12:42 Scout Tower
13:15 Guard Tower
13:16 Scout Tower
13:20 Scout Tower
13:22 Arcane Vault
13:29 Scout Tower
13:35 Guard Tower
13:47 Guard Tower
13:53 Guard Tower
14:00 Guard Tower
17:01 Lumber Mill
17:14 Scout Tower
17:15 Scout Tower
17:16 Scout Tower
17:16 Scout Tower
17:18 Scout Tower
17:21 Scout Tower
17:21 Scout Tower
17:22 Scout Tower
17:23 Scout Tower
17:25 Scout Tower
17:25 Scout Tower
17:59 Guard Tower
18:26 Guard Tower
18:31 Lumber Mill
19:21 Guard Tower
19:32 Farm
19:33 Farm
19:34 Farm
19:36 Farm
19:36 Farm
24:35 Town Hall
24:38 Scout Tower
24:38 Scout Tower
24:39 Scout Tower
24:43 Scout Tower
24:44 Scout Tower
24:44 Scout Tower
24:47 Scout Tower
24:48 Scout Tower
24:51 Arcane Vault
25:17 Guard Tower
25:54 Guard Tower
26:02 Guard Tower
31:08 Town Hall
31:15 Scout Tower
31:16 Scout Tower
31:17 Scout Tower
31:17 Scout Tower
31:23 Scout Tower
31:51 Guard Tower
32:06 Guard Tower
» items
| Scroll of Regeneration | 4 | |
| Lesser Clarity Potion | 1 | |
| Potion of Healing | 2 | |
| Staff of Sanctuary | 2 | |
| Staff of Teleportation | 2 | |
| Periapt of Vitality | 4 | |
| Potion of Lesser Invulnerability | 2 | |
| Scroll of Town Portal | 4 | |
| Tome of Retraining | 2 | |
| Boots of Speed | 1 | |
24 total
Chat log
(00:11 / All) BadLuckJake: News flash: if you eat pussy you are a BETA BITCH
(00:21 / All) BIueDrag0N: red is a tker
(00:24 / All) BIueDrag0N: tk him first!
(00:28 / All) lOlOlOlOlOlOlOl: what makes you say?
(00:43 / All) BIueDrag0N: heads up
(00:47 / All) BadLuckJake: you're a conniving beta BITCH
(00:53 / All) BIueDrag0N: is he human?
(00:55 / All) BadLuckJake: beta tactic
(00:56 / All) BIueDrag0N: he am blizzard
(01:03 / Allies) BadLuckJake: I'm 0-0
(01:06 / All) BIueDrag0N: u are wanred
(01:18 / Allies) craycray123: 00 100 percent gj
(01:18 / Allies) BadLuckJake: he lying lol
(01:19 / Allies) craycray123: gj
(01:51 / Allies) ITOLDUGUYS.: yellow pro 5-0????
(02:03 / Allies) craycray123: dat prow dow
(02:24 / Allies) ITOLDUGUYS.: y no talk to me yellow
(02:34 / Allies) craycray123: :(
(02:37 / All) ITOLDUGUYS.: oj shit hh in the house
(03:23 / All) ITOLDUGUYS.: truce pink?
(03:36 / All) ITOLDUGUYS.: u like blue dragon the rpg?
(05:59 / Allies) BadLuckJake: help
(06:26 / Allies) ITOLDUGUYS.: help them nigga yellow
(07:11 / Allies) craycray123: ty brow
(07:12 / Allies) craycray123: s
(07:44 / All) Counting: anyone else getting crazy delay?
(07:55 / Allies) craycray123: yah retarded game
(09:20 / Allies) BadLuckJake: gold wood?
(10:01 / All) lOlOlOlOlOlOlOl: that's what I call a creepjack
(11:04 / Allies) craycray123: damn dude do good
(11:28 / Allies) craycray123: wtf dude
(11:33 / Allies) craycray123: not
(11:40 / Allies) craycray123: cool u exploting me
(12:02 / Allies) craycray123: lumber
(12:04 / Allies) craycray123: me
(13:29 / Allies) ITOLDUGUYS.: blue pick up ur slack fuck man
(13:44 / Allies) craycray123: fuck u faggot
(13:49 / Allies) craycray123: let me die five times faggot
(13:56 / Allies) ITOLDUGUYS.: we saved ur ass
(13:59 / Allies) ITOLDUGUYS.: ur too damn slow
(14:06 / Allies) craycray123: no u let me die faggot bitch
(14:39 / All) ITOLDUGUYS.: cowards
(14:41 / Allies) craycray123: dude uf uckin girls
(14:48 / Allies) craycray123: cower behind me all game
(14:56 / All) ITOLDUGUYS.: i raped oj
(14:58 / All) ITOLDUGUYS.: and he left
(15:01 / All) ITOLDUGUYS.: his am got raped hard
(15:22 / Allies) craycray123: purple n red owned
(15:28 / Allies) ITOLDUGUYS.: thank u
(15:30 / Allies) craycray123: sorry they won it
(15:40 / Allies) craycray123: n i stalled it lol
(15:51 / Allies) craycray123: aa
(16:50 / Allies) craycray123: gj guys
(18:07 / Allies) craycray123: gj yela
(19:45 / All) lOlOlOlOlOlOlOl: you lost a hero to towers
(19:46 / All) lOlOlOlOlOlOlOl: lol
(20:05 / All) craycray123: yes u r so good
(24:21 / All) lOlOlOlOlOlOlOl: I'm raping you noobs 1v4
(24:28 / All) craycray123: lol
(24:30 / All) craycray123: wtf up
(25:26 / All) lOlOlOlOlOlOlOl: are you two enjoying hide &seek
(26:01 / All) craycray123: dude
(26:06 / All) lOlOlOlOlOlOlOl: you suck
(26:06 / All) lOlOlOlOlOlOlOl: dude
(26:11 / All) craycray123: dude no
(26:11 / All) lOlOlOlOlOlOlOl: lol
(26:15 / All) lOlOlOlOlOlOlOl: dude yes
(26:17 / All) lOlOlOlOlOlOlOl: you blow
(26:47 / Allies) BadLuckJake: do something blue
(26:49 / Allies) BadLuckJake: jesus christ
(26:59 / All) craycray123: need gold
(27:03 / Allies) BadLuckJake: you're running around like a chicken with its head cut off
(27:28 / All) craycray123: to much d
(28:08 / All) craycray123: need gold
(29:05 / All) craycray123: neeed gold
(29:07 / All) lOlOlOlOlOlOlOl: you guys won't even be able to bring down my wall
(29:57 / All) lOlOlOlOlOlOlOl: plug puller
(30:13 / All) craycray123: can i ave gold
(31:17 / Allies) ITOLDUGUYS.: oops that was ours
(31:18 / Allies) ITOLDUGUYS.: <>
(31:55 / All) lOlOlOlOlOlOlOl: lol
(32:01 / All) craycray123: need mon ey for expo
(32:09 / Allies) BadLuckJake: not much to spare
(32:20 / All) craycray123: k u got
(32:58 / All) lOlOlOlOlOlOlOl: hahahaha
(33:00 / All) lOlOlOlOlOlOlOl: yellow you suck
(33:01 / All) lOlOlOlOlOlOlOl: uninstall
(33:10 / All) ITOLDUGUYS.: not 2 shabby for a 5-0 player
(33:24 / All) lOlOlOlOlOlOlOl: lmao
(33:35 / All) ITOLDUGUYS.: and mr 5-0 threw in the towel
(35:08 / All) ITOLDUGUYS.: moral of the story
(35:11 / All) ITOLDUGUYS.: be a better ally
(35:56 / All) ITOLDUGUYS.: what time is
(35:59 / All) ITOLDUGUYS.: it is love tap time
(36:48 / All) ITOLDUGUYS.: oww
(36:57 / Allies) BadLuckJake: If you gonna be a bitch
(37:00 / Allies) BadLuckJake: you gonna die like a bitch
(37:04 / All) ITOLDUGUYS.: i always do love tap
(37:10 / All) ITOLDUGUYS.: it is tradition
(37:29 / All) ITOLDUGUYS.: rod my mage is level 8 we can do dungeons starting in weekend or whenever
(39:59 / All) ITOLDUGUYS.: gonna watch some netflix let me know if yellow ever talks
(40:52 / All) BadLuckJake: Nothing to say for oyurself, yellow?
(41:06 / All) BadLuckJake: You are now 5-1
(41:27 / All) BadLuckJake: 5-1
(41:29 / All) BadLuckJake: 5-1
(41:31 / All) BadLuckJake: 5-1
(41:33 / All) BadLuckJake: 5-1
(41:34 / All) BadLuckJake: 5-1
(41:35 / All) lOlOlOlOlOlOlOl: Time for him to start a new account
(41:36 / All) BadLuckJake: 5-1
(41:41 / All) BadLuckJake: YEap
(41:56 / All) BadLuckJake: Ready to lose, bitch?
(43:05 / All) lOlOlOlOlOlOlOl: end it
(43:06 / All) BadLuckJake: 5-1
(43:08 / All) BadLuckJake: 5-1
(43:09 / All) BadLuckJake: 5-1
(43:10 / All) BadLuckJake: 5-1
(43:12 / All) BadLuckJake: 5-1